 Dungeon Crawl Stone Soup version 0.23.0 (webtiles) character file.

Game seed: 5541795246976282808

4716 BarneyGumball the Cleaver (level 10, -1/92 HPs)
             Began as a Deep Dwarf Fighter on Feb 22, 2019.
             Slain by a yak (9 damage)
             ... on level 9 of the Dungeon.
             The game lasted 00:06:55 (4505 turns).

BarneyGumball the Cleaver (Deep Dwarf Fighter)      Turns: 4505, Time: 00:06:55

Health: -1/92      AC: 10    Str: 24    XL:     10   Next: 22%
Magic:  0/0        EV:  7    Int:  8    God:
Gold:   393        SH: 12    Dex: 12    Spells: 9/9 levels left

rFire    . . .     SeeInvis .   a - +0 war axe
rCold    . . .     Gourm    .   c - +1 shield
rNeg     . . .     Faith    .   d - +0 chain mail
rPois    .         Spirit   .   (no helmet)
rElec    .         Reflect  .   (no cloak)
rCorr    .         Harm     .   (no gloves)
MR       +....                  (no boots)
Stlth    ..........             (no amulet)
HPRegen  0.00/turn              (no ring)
MPRegen  0.07/turn              (no ring)

@: non-regenerating
A: damage resistance, heal wounds, sense surroundings 2, no regeneration
a: Heal Wounds


You were on level 9 of the Dungeon.
You were not hungry.

You visited 2 branches of the dungeon, and saw 10 of its levels.

You collected 393 gold pieces.

Inventory:

Hand Weapons
 a - a +0 war axe (weapon)
Armour
 c - a +1 shield (worn)
 d - a +0 chain mail (worn)
Jewellery
 j - an uncursed ring of flight {unknown}
 r - an uncursed ring of wizardry {unknown}
 w - a +5 ring of intelligence {unknown}
Wands
 l - a wand of polymorph (12)
 t - a wand of scattershot (8)
Scrolls
 b - a scroll of remove curse
 e - 3 scrolls of teleportation
 n - a scroll of identify
 s - 3 scrolls of enchant armour
 u - a scroll of immolation
Potions
 g - a potion of lignification
 h - 2 potions of brilliance
 i - 3 potions of curing
 k - a potion of berserk rage
 m - 2 potions of magic {unknown}
 o - 2 potions of haste {unknown}
 p - a potion of mutation {unknown}
 q - a potion of invisibility {unknown}
Comestibles
 f - 9 rations
 v - a chunk of flesh


   Skills:
 + Level 6.7 Fighting
 * Level 10.5 Axes
 + Level 8.1 Armour
 + Level 8.1 Shields


You had 9 spell levels left.
You didn't know any spells.
Your spell library contained the following spells:

 Spells                   Type           Power        Failure   Level  Hunger
 Magic Dart               Conj           #...         99%         1    ##.....
 Summon Small Mammal      Summ           #...         99%         1    ##.....
 Call Imp                 Summ           #.......     100%        2    ###....
 Searing Ray              Conj           #.....       100%        2    ###....
 Call Canine Familiar     Summ           #.......     100%        3    ####...
 Dazzling Spray           Conj/Hex       #.....       100%        3    ####...
 Summon Guardian Golem    Hex/Summ       #.......     100%        3    ####...
 Force Lance              Conj/Tloc      #.......     100%        4    #####..
 Fulminant Prism          Conj/Hex       #.........   100%        4    #####..
 Iskenderun's Mystic Bla  Conj           #.......     100%        4    #####..
 Summon Ice Beast         Ice/Summ       #.......     100%        4    #####..
 Summon Lightning Spire   Summ/Air       #.......     100%        4    #####..


Dungeon Overview and Level Annotations

Branches:
Dungeon (9/15)             Temple (1/1) D:5
   Lair: D:8-11         Orc: D:9-12

Altars:
Ashenzari
Cheibriados
Dithmenos
Elyvilon
Fedhas
Gozag
Hepliaklqana
Kikubaaqudgha
Nemelex Xobeh
Okawaru
Qazlal
Ru
Sif Muna
Trog
Uskayaw
Vehumet
Wu Jian
Xom
Yredelemnul
Zin
The Shining One
Lugonu

Shops:
D:4 [   D:7 }   D:8 *

Annotations:
D:7 2 transporters


Innate Abilities, Weirdness & Mutations

You are resistant to damage.
You can heal yourself by infusing magical energy.
You passively map the area around you.
You do not regenerate.


Message History

* * * LOW HITPOINT WARNING * * *
You block the yak's attack.
Your chain mail prevents you from hitting the yak.
The yak is heavily wounded.
You hit the yak. The yak barely misses you. The yak gores you!
* * * LOW HITPOINT WARNING * * *
You block the yak's attack.
You slash the yak!
The yak is severely wounded.
You slash the yak!
You kill the yak!
The yak gores you!
* * * LOW HITPOINT WARNING * * *
You hit the yak but do no damage.
The yak is severely wounded.
You block the yak's attack.
You slash the yak!
The yak is almost dead.
The yak gores you!
You die...

* , ####.# #.# * , , * *
#### #.# #.# , , ..# #.#
#.# , ## ,* * #.# #.#
#.# , ..,
####.####.######.. , ,
,,#. *#....†........####
, ,
..#..##.##.##.###./...##
* *
......Y.##.##.###.###...
* ,* ###....@...##.##..#
#.## * *
#.#########.##..###.##
.., #........... *##
####.#.##.## #.#......
#.####.## #......##
#.######. #.# #.


You could see a yak.

Vanquished Creatures
  A hornet (D:9)
  A hippogriff (D:7)
  Eustachio (D:5)
  A wyvern (D:9)
  2 yaks (D:9)
  A human (D:8)
  Duvessa (D:4)
  3 orc warriors
  2 ice beasts
  2 sky beasts
  2 ogres
  3 phantoms
  2 centaurs
  7 bullfrogs
  A wyvern zombie (D:9)
  Dowan (D:4)
  A scorpion (D:5)
  3 killer bees (D:7)
  3 wights (D:8)
  3 howler monkeys
  A bullfrog zombie (D:7)
  3 centaur zombies
  3 crimson imps
  A centaur skeleton (D:7)
  2 jellies
  4 hounds
  A bullfrog skeleton (D:9)
  6 orc wizards
  3 iguanas
  4 worker ants
  A hound skeleton (D:4)
  A howler monkey zombie (D:8)
  2 worker ant zombies
  4 gnolls (D:5)
  3 adders
  3 shadow imps
  An ooze (D:4)
  A worm (D:5)
  3 leopard geckos
  31 orcs
  A giant cockroach (D:7)
  A hobgoblin (D:2)
  A kobold (D:1)
  3 quokkas
  3 ball pythons
  4 bats
  2 frilled lizards
  2 goblins
  2 leopard gecko skeletons
  2 quokka skeletons
  3 rats (D:1)
143 creatures vanquished.

Vanquished Creatures (others)
  6 plants (D:7)
6 creatures vanquished.

Grand Total: 149 creatures vanquished

Notes
Turn   | Place    | Note
-------+----------+-------------------------------------------
     0 | D:1      | BarneyGumball the Deep Dwarf Fighter began the quest for
                  | the Orb.
     0 | D:1      | Reached XP level 1. HP: 20/20 MP: 1/1
   255 | D:2      | Reached XP level 2. HP: 24/27 MP: 2/2
   481 | D:4      | Noticed a phantom
   488 | D:4      | Noticed Dowan
   489 | D:4      | Noticed Duvessa
   505 | D:4      | Killed Duvessa
   505 | D:4      | Reached skill level 3 in Axes
   505 | D:4      | Reached XP level 3. HP: 26/34 MP: 3/3
   505 | D:4      | Reached XP level 4. HP: 33/42 MP: 4/4
   507 | D:4      | Killed a phantom
   507 | D:4      | Reached skill level 4 in Axes
   507 | D:4      | Reached XP level 5. HP: 38/49 MP: 5/5
   510 | D:4      | Killed Dowan
   660 | D:4      | Reached XP level 6. HP: 37/56 MP: 6/6
   715 | D:4      | Found a glowing silver altar of Zin.
   780 | D:4      | Found Odwuf's Armour Boutique.
   798 | D:4      | Found an ancient bone altar of Kikubaaqudgha.
   898 | D:4      | Noticed an air elemental
   900 | D:4      | Found a stormy altar of Qazlal.
   901 | D:4      | Noticed a water elemental
   901 | D:4      | Noticed a fire elemental
   942 | D:4      | Found a sparkling altar of Nemelex Xobeh.
  1046 | D:5      | Entered Level 5 of the Dungeon
  1109 | D:5      | Noticed Eustachio
  1121 | D:5      | Reached skill level 5 in Axes
  1146 | D:5      | Killed Eustachio
  1173 | D:5      | Reached XP level 7. HP: 64/64 MP: 7/7
  1293 | D:5      | Reached skill level 5 in Armour
  1298 | D:5      | Reached skill level 5 in Shields
  1301 | D:5      | Found a staircase to the Ecumenical Temple.
  1310 | Temple   | Entered the Ecumenical Temple
  1444 | D:5      | Reached skill level 6 in Axes
  1729 | D:5      | Found a sacrificial altar of Ru.
  1732 | D:5      | Found a deep blue altar of Sif Muna.
  1737 | D:5      | Found an iron altar of Okawaru.
  2075 | D:6      | Reached XP level 8. HP: 53/73 MP: 7/7
  2085 | D:6      | Reached skill level 7 in Axes
  2193 | D:6      | Found a shimmering altar of Xom.
  2361 | D:6      | HP: 2/73 [orc warrior/+0 battleaxe (13)]
  2367 | D:6      | Reached skill level 5 in Fighting
  2528 | D:7      | Noticed a hippogriff
  2536 | D:7      | Killed a hippogriff
  2536 | D:7      | Reached skill level 8 in Axes
  2605 | D:7      | Found Xunwofem's Gadget Shop.
  2619 | D:7      | Gained mutation: You passively map the area around you.
                  | [Deep Dwarf growth]
  2619 | D:7      | Reached XP level 9. HP: 56/81 MP: 6/6
  2657 | D:7      | Found a transporter.
  2663 | D:7      | Identified the cursed +1 trident of Eseofri {vamp, rF+}
  2701 | D:7      | Found a transporter.
  2817 | D:7      | Found an ornate altar of the Wu Jian Council.
  2945 | D:7      | Reached skill level 9 in Axes
  2995 | D:7      | Identified the amulet of Baqafoupu {Gourm +Blink rElec
                  | Int+6}
  3244 | D:8      | Found Azomcaff's Alliterative Accessories.
  3582 | D:8      | Reached skill level 10 in Axes
  4041 | D:9      | Paralysed by a hornet for 3 turns
  4052 | D:9      | Paralysed by a hornet for 3 turns
  4060 | D:9      | Paralysed by a hornet for 1 turns
  4066 | D:9      | Paralysed by a hornet for 2 turns
  4073 | D:9      | Paralysed by a hornet for 1 turns
  4079 | D:9      | Reached XP level 10. HP: 57/92 MP: 2/2
  4320 | D:9      | Found an opulent altar of Gozag.
  4505 | D:9      | Slain by a yak

Skill      XL: |  1  2  3  4  5  6  7  8  9 10 |
---------------+-------------------------------+-----
Fighting       | 3 4 5 6 |  6.7
Axes           | 3 4 5 6 8 10 | 10.5
Armour         | 4 5 6 7 8 |  8.1
Shields        | 4 5 6 7 8 |  8.1

Action                   |  1- 3 |  4- 6 |  7- 9 | 10-12 || total
-------------------------+-------+-------+-------+-------++-------
Melee: War axe           |    56 |    84 |   530 |    74 ||   744
       Unarmed           |    10 |     7 |       |       ||    17
 Abil: Heal Wounds       |     1 |     4 |    34 |     3 ||    42
  Use: Potion            |       |       |     1 |     1 ||     2
       Scroll            |       |       |     6 |     3 ||     9
  Eat: Chunk             |       |     1 |    11 |     1 ||    13
Armor: Scale mail        |    27 |    24 |     9 |       ||    60
       Skin              |     1 |     2 |       |       ||     3
       Chain mail        |       |       |   346 |    31 ||   377
Dodge: Dodged            |    28 |    27 |   151 |    15 ||   221
Block: Shield            |    28 |    42 |   406 |    60 ||   536
